[Event "EU-ch 12th"]
[Site "Aix les Bains"]
[Date "2011.03.25"]
[Round "4"]
[White "Pelletier, Yannick"]
[Black "Volokitin, Andrei"]
[Result "0-1"]
[ECO "E08"]
[WhiteElo "2593"]
[BlackElo "2677"]
[Annotator "Marchand,A/Primel,D"]
[PlyCount "74"]
[EventDate "2011.03.22"]
[EventType "swiss"]
[EventRounds "11"]
[EventCountry "FRA"]
[SourceTitle "CBM 142 Extra"]
[Source "ChessBase"]
[SourceDate "2011.06.27"]
[SourceVersion "1"]
[SourceVersionDate "2011.06.27"]
[SourceQuality "1"]
[TimeControl "40/5400+30:1800+30"]

1. d4 Nf6 2. c4 e6 3. Nf3 d5 4. g3 Bb4+ {Cet échec intermédaire est devenu
très populaire depuis quelques années dans la Catalane} 5. Bd2 Be7 (5... a5) 6. Bg2 O-O 7. O-O c6 8. Qc2 (8. Qb3 Nbd7 9. Bb4 {
Un plan intéressant pour résoudre le problème du Bd2 mais c'est un peu lent et
la Qb3 ne soutient pas la poussée "e4"}) 8... b6 9. Rd1 Nbd7 {Le plus souple
pour garder les deux options Bb7 ou Ba6} 10. Bf4 (10. b3 Ba6 11. Nc3 (11. a4 c5
12. Na3 (12. a5 $5)) 11... dxc4 12. e4 $44 ) 10... Bb7 (10... Ba6
11. Ne5 (11. b3) 11... Nxe5 (11... Rc8 12. Nc3 Bxc4 13. Nxc4 dxc4 14. e4 $44 {
Wang Hao (2722)-Efimenko,Z (2677) Sarajevo Bosna op 40th 2010 (10) 1/2}) (11...
Qc8 12. cxd5 cxd5 13. Nc3 {Stupak,K (2502)-Balogh,C (2608) Khanty-Mansiysk ol 
(Men) 39th 2010 (10.4) 1/2}) 12. dxe5 Nd7 13. cxd5 cxd5 14. e4 d4 15. Rxd4 Bc5
16. Rd1 g5 $13 {Portisch,L-Van Scheltinga,T Hoogovens Wijk aan Zee 1969 (6) 1/2
}) 11. Ne5 (11. Nc3 {Plus ambitieux} Nh5 (11... Rc8 12. Ne5) (11... dxc4 12.
Nd2 Nd5 13. Nxc4 Nxf4 14. gxf4 Qc7 15. e3 Rad8 (15...
Rac8 16. Rac1 Rfd8 17. a3 {Wang Hao (2724)-Almasi,Z (2707) Khanty-Mansiysk ol 
(Men) 39th 2010 (4.2) 1/2} (17. Ne4 $5 h6 (17... c5 18. Ned6 $1 Bxg2 (18...
Bxd6 19. Bxb7) 19. Nxc8))) 16. Rac1 c5 17. d5 exd5 18. Bxd5 {Grischuk,A (2771)
-Kramnik,V (2791) Wch Blitz 5th 2010 (11) 1/2})) 11... Nh5 (11... Rc8 12. Nc3
Nh5 13. Bc1 f5 14. Qa4 Nxe5 15. dxe5 Qc7 16. cxd5 cxd5 17. Qxa7 Bc5 18. Bf3 f4
19. g4 Ng3 20. b4 Ra8 21. Nxd5 Nxe2+ 22. Kf1 Rxa7 23. Nxc7 Bxf3 24. Nxe6 Nc3
25. bxc5 Nxd1 26. cxb6 {Kramnik,V (2785)-Ivanchuk,V (2779)/Monte Carlo 2011/
Mega2011 Update 14/1/2-1/2 (32)}) 12. Bc1 (12. Bd2 Nhf6 13. cxd5 cxd5 14. Nc6
Bxc6 15. Qxc6 Rc8 16. Qa4 Nb8 17. Be1 a6 18. Qb3 Nc6 19. Qd3 b5 20. a4 bxa4 21.
Nc3 a5 22. e3 Bb4 23. Rxa4 Qe7 24. Raa1 h6 25. Qa6 Nb8 26. Qe2 Rc7 {Gelfand,B 
(2739)-Kramnik,V (2790)/Moscow 2010/CBM 139/1/2-1/2 (32)}) 12... Nhf6 (12... f5
13. Nc3 (13. a4 a5 (13... Nhf6 14. a5) 14. b3 Rc8 15. e3 Bd6 16. Ba3 Bxa3 17.
Nxa3 $13) 13... Rc8 14. Qa4 (14. Nxd7 Qxd7) 14... Nxe5 15. dxe5 a6 16. e4 b5)
13. Bf4 (13. b3 Rc8 14. Nc3) 13... Nh5 14. Bc1 {Une répétition de coups pour
gagner du temps а la pendule} (14. Bd2 f5 15. cxd5 Nxe5 (15... cxd5 16. Nc6)
16. dxe5 cxd5 17. Nc3 Rc8 18. Qd3 Qc7 19. Bf3 g6 20. Nb5 Qxe5 21. Nxa7 Rc5 22.
Bc3 $36 ) 14... Nhf6 15. Nc3 {01h15 Risqué} (15. Bf4
Nh5 16. Bd2 $11) (15. b3 Nxe5 (15... Rc8 16. Bb2 (16. Nc3) 16... Nxe5 17. dxe5
Nd7 18. Nd2 c5 19. cxd5 Bxd5 20. Ne4 $16) 16. dxe5 Ng4 17. Bb2 Bc5 $132) (15.
cxd5 cxd5 16. Nc6 Bxc6 17. Qxc6 Rc8 18. Qa4 Qc7 19. Nc3 Qb7 $11 )
15... Nxe5 $1 (15... Rc8 $143 16. e4 $14 dxc4 17. Nxc4 b5 18.
Ne3 Qb6 19. b3 Rfe8 20. e5 Nd5 21. Ncxd5 cxd5 22. Qd3 f6 23. exf6 Nxf6 24. Bb2
b4 25. f3 Ba6 26. Qd2 Bb5 27. Re1 a5 28. a4 bxa3 29. Bxa3 Bxa3 30. Rxa3 {
Hammer,J (2647)-Tkachiev,V (2636)/Wijk aan Zee 2011/Mega2011 Update 06/0-1 (38)
}) 16. dxe5 Ng4 17. cxd5 {42" Joué après une longue réflexion alors qu'il y
avait pourtant une partie de référence de son adversaire sur cette variante
jouée deux mois plus tôt.} (17. e4 Bc5 18. exd5 $5 Nxf2 19. Na4 {
La pointe mais difficile а trouver devant l'échiquier} Nxd1+ 20. Nxc5 bxc5 21.
d6 $1 f6 22. Qxd1 fxe5 23. Be3 $44) (17. Bf4 g5 $1)
17... cxd5 18. Qa4 Nxe5 19. e4 Bc6 $1 20. Qa6 $6 $146
{La Qa6 est hors-jeu} (20. Qb3 d4 21. Nb5 Bxb5 22. Qxb5 Bc5 23. Bf4 a6 24. Qb3
Ng6 25. Bd2 e5 26. Rac1 Ne7 27. a3 a5 28. h4 a4 29. Qf3 Nc8 30. Qg4 Ra7 31. f4
exf4 32. Bxf4 Ne7 33. h5 f5 34. Qh3 Qd7 {Meier,G (2656)-Volokitin,A (2676)/
Austria 2011/Mega2011 Update 05/0-1 (46)}) 20... d4 $1 21. Ne2 Bc5 22. Bf4 (22. b4 $5 {Semblait un ordre de coups plus précis que 23.b4
joué dans la partie} Bxb4 23. Bf4 Ng6 24. Nxd4 $132 ) (22.
Nf4 Qd7 $36 ) 22... Ng6 $17 23. b4 $1 Nxf4 24. gxf4 Bxb4 25. Nxd4 Qc8 $1 26. Qe2 Ba4 $1 $17 {Non
seulement les Blancs sont grand zeitnot mais la paire de B des Noirs est trés
forte.} 27. Nb3 (27. Rdc1 $2 Qd7) 27... Qc7 28. e5 Rad8 29. Qe4 a5 30. Bf3 (30.
Rdc1) 30... g6 31. Rxd8 Rxd8 32. Rc1 Qe7 33. Nd4 Qh4 $1 $40 34. Ne2 Bb5 35. Ng3 Bd3 36. Qe3 Bc5 37. Qd2 {01mn48} Ba6 {14mns} 0-1